 Dungeon Crawl Stone Soup version 0.26-a0-1002-g7355149c4d (webtiles) character file.

Game seed: 11852873833695706453

28 sahdkjhfkaj the Conjurer (level 3, 0/24 HPs)
             Began as a Human Conjurer on Dec 7, 2020.
             Slain by a human (6 damage)
             ... on level 2 of the Dungeon.
             The game lasted 00:04:59 (1041 turns).

sahdkjhfkaj the Conjurer (Human Conjurer)           Turns: 1041, Time: 00:04:59

Health: 0/24       AC:  2    Str:  7    XL:     3   Next: 27%
Magic:  2/6        EV: 12    Int: 19    God:
Gold:   66         SH:  0    Dex: 11    Spells: 3/6 levels left

rFire    + . .     SeeInvis .   (no weapon)
rCold    . . .     Faith    +   (no shield)
rNeg     . . .     Spirit   .   a - +0 robe
rPois    .         Reflect  .   (no helmet)
rElec    .         Harm     .   (no cloak)
rCorr    .         Rampage  .   (no gloves)
Will     .....                  (no boots)
Stlth    ++........             f - amulet of faith
HPRegen  0.08/turn              c - ring of protection from fire
MPRegen  0.10/turn              (no ring)

@: no status effects
A: no striking features
a: no special abilities


You were on level 2 of the Dungeon.
You visited 1 branch of the dungeon, and saw 2 of its levels.

You collected 66 gold pieces.

Inventory:

Armour
 a - a +0 robe (worn)
Jewellery
 c - a ring of protection from fire (left hand)
 f - an amulet of faith (around neck)
Scrolls
 d - a scroll of remove curse
 g - a scroll of teleportation
Potions
 b - a potion of berserk rage {unknown}
 e - 2 potions of invisibility {unknown}
 h - a potion of mutation {unknown}
 i - a potion of cancellation {unknown}


   Skills:
 - Level 2.0 Dodging
 - Level 2.0 Stealth
 + Level 0.1 Unarmed Combat
 - Level 2.0 Spellcasting
 - Level 5.0 Conjurations


You had 3 spell levels left.
You knew the following spells:

 Your Spells              Type           Power        Failure   Level
a - Magic Dart            Conj           ###.         2%          1
b - Searing Ray           Conj           ###...       3%          2

Your spell library contained the following spells:

 Spells                   Type           Power        Failure   Level
 Dazzling Flash           Conj/Hex       ##....       19%         3
 Fulminant Prism          Conj/Hex       ##........   52%         4
 Iskenderun's Mystic Bla  Conj/Tloc      ##......     52%         4


Dungeon Overview and Level Annotations

Branches:
Dungeon (2/15)

Altars:
Yredelemnul


Message History

The searing ray hits the jackal skeleton!
You destroy the jackal skeleton!
The searing ray misses the human. (Press . to maintain the ray.) Unknown command.
Unknown command.
The human hits you.
New annotation for D:2 (include '!' for warning):
Okay, then. (m)acro, (M)acro raw, keymap [(k) default, (x) level-map, (t)argeting, (c)onfirm, m(e)nu], (s)ave?
Input macro trigger key: l Input macro action: b22n66u77y44 Created macro 'l' => 'b22n66u77y44'.
You miss the human.
The human is lightly wounded.
The human closely misses you. The human hits you.
* * * LOW HITPOINT WARNING * * *
The human hits you.
You die...

P.........# #._.# ..#
..........###...###..#
............#####..$.#
#....................#
#...)........#'#.....#
#............#.#.....#
#............###.?...#
#..............p.....#
####.....####...@....#
#.....# #........#
......# #..####### ..
..... ##.#..# #.#..#
#.....


You could see a human.

Vanquished Creatures
  An ooze (D:1)
  A dart slug (D:1)
  2 giant cockroaches (D:1)
  A goblin (D:2)
  3 hobgoblins (D:1)
  A ball python (D:1)
  A frilled lizard (D:1)
  A jackal skeleton (D:2)
  7 kobolds
  5 rats
23 creatures vanquished.

Vanquished Creatures (others)
  A plant (D:2)
1 creature vanquished.

Grand Total: 24 creatures vanquished

Notes
Turn   | Place    | Note
-------+----------+-------------------------------------------
     0 | D:1      | sahdkjhfkaj the Human Conjurer began the quest for the Orb.
     0 | D:1      | Reached XP level 1. HP: 13/13 MP: 3/3
   214 | D:1      | Reached XP level 2. HP: 19/19 MP: 3/5
   217 | D:1      | Learned a level 2 spell: Searing Ray
   522 | D:1      | Reached XP level 3. HP: 10/24 MP: 0/6
   957 | D:2      | Reached skill level 5 in Conjurations
  1007 | D:2      | Found a runed translucent door.
  1007 | D:2      | Noticed a human
  1012 | D:2      | Found a basalt altar of Yredelemnul.
  1041 | D:2      | Slain by a human

Illustrated notes

Levels and vault maps discovered:
D:1:      noname_arrival_rooms_in_the_neighbourhood, layout_rooms
D:2:      layout_basic, grunt_temple_overflow_gold_and_silver, serial_forest,
          infiniplex_forest_end_2, infiniplex_forest_lined_corner,
          infiniplex_forest_corner_2, infiniplex_forest_corner_1,
          infiniplex_forest_lined_corner, infiniplex_forest_clump_cross,
          dk_yredelemnul_ordeal

Skill      XL: |  1  2  3 |
---------------+----------+-----
Conjurations   | 5 |  5.0
Dodging        | |  2.0
Stealth        | |  2.0
Unarmed Combat | |  0.1
Spellcasting   | |  2.0

Action                   || total
-------------------------++-------
Melee: Unarmed           ||    10
 Cast: Magic Dart        ||    36
       Searing Ray       ||     4
  Use: Scroll            ||     2
Armor: Robe              ||     6
Dodge: Dodged            ||    13

Table legend: (Time is in decaauts)
 A = Elapsed time spent in this place.
 B = Non-inter-level travel time spent in this place.
 C = Inter-level travel time spent in this place.
 D = Time resting spent in this place.
 E = Time spent auto-exploring this place.
 F = Levels seen in this place.
 G = Mean time per level.
                   A        B        C        D        E       F      G
               +--------+--------+--------+--------+--------+-----+--------+
         Total |   1040 |   1030 |     10 |    178 |    709 |   2 |  520.0 |
       Dungeon |   1040 |   1030 |     10 |    178 |    709 |   2 |  520.0 |
               +--------+--------+--------+--------+--------+-----+--------+

Top non-repeatable levels by time:
     D:1: 930 daAuts
     D:2: 110 daAuts
